Cogmind - Beta 13 @@@ ROGUE MODE // 2024.07.15 @ 19:38:37 Player: APerTAS Result: Destroyed by BM-TTO(R) with Subdweller Beam Cannon Performance ------------- Evolutions (0) 0 Regions Visited (2) 400 Robots Destroyed (9) 45 Value Destroyed (99) 99 Prototype IDs (0) 0 Alien Tech Used (0) 0 Bonus (0) 0 TOTAL SCORE: 544 Bonus ------- None Cogmind --------- Core Integrity 0/250 Matter 286/300 Energy 99/100 System Corruption 3% Temperature Warm (160) Movement Core (50) Location -10/Subcaves Parts ------- > --- POWER (1) -------- (None) > --- PROPULSION (2) --- (None) > --- UTILITY (2) ------ (None) > --- WEAPON (2) ------- (None) > --- INVENTORY (5) ---- (None) Peak State ------------ > --- POWER ------------ Light Ion Engine > --- PROPULSION ------- Wheel Wheel > --- UTILITY ---------- Improved Terrain Scanner Seismic Detector > --- WEAPON ----------- Subdweller Laser Battle Rifle > --- INVENTORY -------- (None) [Rating: 11] Favorites ----------- Power Ion Engine Engine Ion Engine Propulsion Light Treads Treads Light Treads Wheel Wheel Utility Improved Terrain Scanner Device Improved Terrain Scanner Storage Large Storage Unit Weapon Assault Rifle Energy Gun Subdweller Laser Ballistic Gun Assault Rifle Special Weapon Mining Laser Build | -11 -10 -10 ------- Run | Yrd Mat Sub Slots Evolved . | . . . Power . | . . . Propulsion . | . . . Utility . | . . . Weapon . | . . . Parts Attached 15 | 6 7 2 Power 2 | 1 1 . Engine 2 | 1 1 . Core . | . . . Reactor . | . . . Propulsion 4 | 2 2 . Treads 2 | 2 . . Leg . | . . . Wheel 2 | . 2 . Hover . | . . . Flight . | . . . Utility 4 | 1 3 . Device 2 | . 2 . Storage 2 | 1 1 . Processor . | . . . Hackware . | . . . Protection . | . . . Artifact . | . . . Weapon 5 | 2 1 2 Energy Gun 1 | . . 1 Energy Cannon . | . . . Ballistic Gun 3 | 2 . 1 Ballistic Cannon . | . . . Launcher . | . . . Special Weapon 1 | . 1 . Impact Weapon . | . . . Slashing Weapon . | . . . Piercing Weapon . | . . . Special Melee Weapon . | . . . Unidentified Prototypes . | . . . Parts Lost 6 | . . 6 Power 1 | . . 1 Propulsion 2 | . . 2 Utility 1 | . . 1 Weapon 2 | . . 2 Highest Loss Streak 6 | . . 6 To Critical Strikes . | . . . Average Slot Usage (%) 67 | . 54 88 Engine 10 | . 9 12 Treads 8 | . 14 . Wheel 11 | . 3 25 Device 12 | . 3 26 Storage 4 | . 7 . Energy Gun 1 | . . 3 Ballistic Gun 12 | . 14 8 Special Weapon 4 | . 2 8 Naked Turns 54 | . 53 1 Heaviest Build 29 | 14 29 11 Greatest Support 40 | 40 40 20 Greatest Overweight (x) 1 | . 1 . Average Overweight (x) . | . . . Largest Inventory Capacity 15 | 8 15 5 Average Capacity 7 | 7 9 5 Most Carried 4 | 3 4 1 Average Carried 1 | 1 1 . Final Capacity 8 | 8 5 5 Final Carried 2 | 2 . . Class Distribution -------------------- 61% | Mutant 38% | Scavenger-Mutant Dominant Class ---------------- Mutant | -10/Materials Scavenger-Mutant | -10/Subcaves Resources | -11 -10 -10 ----------- Run | Yrd Mat Sub Matter Collected 387 | 189 198 . Remotely . | . . . Salvage Created 309 | . 309 . Parts 16 | . 16 . Haulers Intercepted . | . . . Recyclers Shooed 1 | . 1 . Parts Field Recycled . | . . . Retrieved Matter . | . . . Parts Self-Destructed . | . . . Prevented . | . . . Kills | -11 -10 -10 ------- Run | Yrd Mat Sub Combat Hostiles Destroyed 6 | . 6 . Guns 5 | . 5 . AOE 1 | . 1 . Classes Destroyed 3 | . 3 . Tunneler 1 | . 1 . Recycler 2 | . 2 . Swarmer 6 | . 6 . Best Kill Streak 7 | . 7 . Combat Bots Only 6 | . 6 . Max Kills in Single Turn 2 | . 2 . Gunslinging . | . . . Exploded 1 | . 1 . Melee . | . . . Uniques/NPCs Destroyed . | . . . Combat | -11 -10 -10 -------- Run | Yrd Mat Sub Hostile Shots Fired 53 | . 32 21 Missed 15 | . 14 1 Damage Taken 662 | . 195 467 Core 269 | . 63 206 Absorbed by Shields . | . . . Core Remaining (%) 100 | 100 . . Volleys Fired 20 | . 12 8 Largest 2 | . 2 2 Hottest 125 | . 100 125 Shots Fired 33 | . 23 10 Gun 30 | . 22 8 Cannon . | . . . Launcher . | . . . Special 3 | . 1 2 Kinetic 30 | . 22 8 Thermal 3 | . 1 2 Explosive . | . . . Electromagnetic . | . . . Robot Hit Streak 3 | . 2 3 Robot Miss Streak 4 | . 4 1 Penetration Max . | . . . Secondary Targets 1 | . 1 . Max Gunslinging Chain 1 | . 1 . Shots Hit Robots 12 | . 8 4 Core Hits 16 | . 15 1 Critical Kills . | . . . Critical Parts Destroyed . | . . . Critical Strikes . | . . . Melee Attacks . | . . . Impact . | . . . Slashing . | . . . Piercing . | . . . Sneak Attacks . | . . . Combat Hostiles . | . . . Follow-up Attacks . | . . . Damage Inflicted 339 | . 284 55 Guns 168 | . 113 55 Cannons . | . . . Explosions 65 | . 65 . Melee . | . . . Ramming 106 | . 106 . Kinetic 168 | . 113 55 Thermal . | . . . Explosive . | . . . Electromagnetic 65 | . 65 . Impact . | . . . Slashing . | . . . Piercing . | . . . Highest Corruption 3 | . 3 3 Average Corruption 2 | . 2 3 Corruption Purged . | . . . Corruption Blocked . | . . . Effects 2 | . . 2 Heat Flow Errors 1 | . . 1 Misfires 1 | . . 1 Overload Shots . | . . . Overflow Damage . | . . . Projectiles . | . . . Explosions . | . . . Melee . | . . . Knockbacks . | . . . Impact . | . . . Kinetic . | . . . Secondary . | . . . Self-Inflicted Damage 47 | . 47 . Shots . | . . . Rammed 28 | . 28 . Targets Rammed 28 | . 28 . Kicked . | . . . Crushed . | . . . Highest Temperature 243 | . 20 243 Average Temperature 97 | . 12 145 Received Heat Transfer 342 | . . 342 Siege Activations . | . . . Robots Corrupted . | . . . Combat Hostiles . | . . . Parts Fried . | . . . Impact Corruptions . | . . . Robots Melted . | . . . Combat Hostiles . | . . . Parts Melted . | . . . Heat Transferred . | . . . Parts Sabotaged . | . . . Parts Stolen . | . . . Parts Stripped . | . . . Power Chain Reactions . | . . . Alert | -11 -10 -10 ------- Run | Yrd Mat Sub Peak Influence 175 | . 175 . Initial . | . . . Average 14 | . 20 . Maximum Alert Level . | . . . Low Security (%) 100 | 100 100 . Level 1 . | . . . Level 2 . | . . . Level 3 . | . . . Level 4 . | . . . Level 5 . | . . . High Security . | . . . Max Security . | . . . Squads Dispatched 1 | . 1 . Investigation 1 | . 1 . Extermination . | . . . Reinforcement . | . . . Assault . | . . . Garrison . | . . . Intercept . | . . . Searches Triggered . | . . . Construction Impeded . | . . . Haulers Reinforced . | . . . Active Scanning Responses . | . . . Cargo Convoy Interrupts . | . . . Stealth | -11 -10 -10 --------- Run | Yrd Mat Sub Distress Signals 1 | . 1 . Communications Jammed . | . . . Distress Signals . | . . . Times Spotted 13 | . 8 5 Peak Tracking Total 5 | . 4 5 Tactical Retreats . | . . . Traps | -11 -10 -10 ------- Run | Yrd Mat Sub Traps Triggered 1 | . 1 . Indirectly . | . . . Trap Hack Attempts . | . . . Triggered . | . . . Disarmed . | . . . Reprogrammed . | . . . Reused . | . . . Traps Extracted . | . . . Installed . | . . . Triggered . | . . . Machines | -11 -10 -10 ---------- Run | Yrd Mat Sub Machines Disabled 2 | . 2 . Max in Single Turn 2 | . 2 . Machines Repaired . | . . . Machines Dismantled . | . . . Machines Sabotaged . | . . . Overloaded Fab Kills . | . . . Hacking | -11 -10 -10 --------- Run | Yrd Mat Sub Machines Accessed 1 | . 1 . Terminals 1 | . 1 . Fabricators . | . . . Repair Stations . | . . . Recycling Units . | . . . Scanalyzers . | . . . Garrison Access . | . . . Total Hacks 5 | . 5 . Successful 2 | . 2 . Failed 3 | . 3 . Catastrophic 1 | . 1 . Database Lockouts . | . . . Manual . | . . . Terminals 5 | . 5 . Fabricators . | . . . Repair Stations . | . . . Recycling Units . | . . . Scanalyzers . | . . . Garrison Access . | . . . Terminal Hacks 2 | . 2 . Unreport Threat 2 | . 2 . Fabricator Hacks . | . . . Repair Station Hacks . | . . . Recycling Unit Hacks . | . . . Scanalyzer . | . . . Garrison Access Hacks . | . . . Unauthorized Hacks . | . . . Terminals . | . . . Fabricators . | . . . Repair Stations . | . . . Recycling Units . | . . . Scanalyzers . | . . . Garrison Access . | . . . Data Cores Recovered . | . . . Used . | . . . Hacking Detections 1 | . 1 . Full Trace Events 1 | . 1 . Feedback Events . | . . . Feedback Blocked . | . . . Robot Schematics Acquired . | . . . Robots Built . | . . . Authchips . | . . . Time . | . . . Total Robot Build Rating . | . . . Part Schematics Acquired . | . . . Parts Built . | . . . Authchips . | . . . Time . | . . . Total Part Build Rating . | . . . Parts Repaired . | . . . Time . | . . . Parts Recycled . | . . . Recycled Matter . | . . . Retrieved Matter . | . . . Retrieved Components . | . . . Parts Scanalyzed . | . . . Part Schematics Acquired . | . . . Parts Damaged . | . . . Bothacking | -11 -10 -10 ------------ Run | Yrd Mat Sub Used RIF Installer . | . . . Robots Hacked . | . . . Non-combat . | . . . Combat . | . . . Robot Hacks Applied . | . . . Relay Couplers Released . | . . . Fabnet Peak Effective % . | . . . Robots Rewired . | . . . Allies Hacked . | . . . Hacks Repelled . | . . . Allies | -11 -10 -10 -------- Run | Yrd Mat Sub Total Allies . | . . . Largest Group . | . . . Highest-Rated Group . | . . . Highest-Rated Ally . | . . . Total Orders . | . . . Ally Attacks . | . . . Total Damage . | . . . Kills . | . . . Allies Corrupted . | . . . Allies Melted . | . . . Intel | -11 -10 -10 ------- Run | Yrd Mat Sub Robot Analysis Total . | . . . Derelict Logs Recovered 1 | . . 1 Drone Launches . | . . . Drone Recoveries . | . . . Exploration | -11 -10 -10 ------------- Run | Yrd Mat Sub Turns Passed 370 | 86 177 107 Spaces Moved 255 | 50 101 104 Core 62 | 6 53 3 Treads 77 | 44 33 . Legs . | . . . Wheels 116 | . 15 101 Hover . | . . . Flight . | . . . Fastest Speed 50 | 50 50 50 Average Speed 97 | 146 92 79 Slowest Speed 160 | 160 160 80 Overloaded Moves . | . . . Propulsion Burnouts . | . . . Robots Hopped . | . . . Cave-ins Triggered . | . . . Exploration Rate (%) 10 | 4 15 13 Regions Visited 2 Branch Regions 1 Pre-discovered Areas . | . . . Known Exits Taken . | . . . Unknown Exits Taken 2 | 1 1 . Scrap Searched . | . . . Spaces Dug . | . . . Terrain Destroyed . | . . . Melee . | . . . Projectile . | . . . AOE . | . . . Terrain Rammed . | . . . Walls Destroyed . | . . . Machines Disabled . | . . . Actions | -11 -10 -10 --------- Run | Yrd Mat Sub Total 340 | 63 161 116 Wait . | . . . Move 253 | 49 100 104 Hop . | . . . Pick Up 19 | 8 9 2 Fast Attach . | . . . Attach 14 | 6 6 2 Detach . | . . . Swap 1 | . 1 . Drop 5 | . 5 . Fire 20 | . 12 8 Melee . | . . . Ram 28 | . 28 . Kick . | . . . Crush . | . . . Escape Stasis . | . . . Rewire . | . . . Trap . | . . . Miscellaneous . | . . . Route ------- -11/Scrapyard -10/Materials -10/Subcaves History --------- Turn | Location | Event 26 | -11/Scrapyard | Discovered new exit (range 15) 87 | -11/Scrapyard | Entered Materials 178 | -10/Materials | Released all parts (4) 263 | -10/Materials | Discovered new exit (range 2) 264 | -10/Materials | Entered Subcaves 269 | -10/Subcaves | Learned 8 Materials zone layouts 288 | -10/Subcaves | Shifting Twisted Machinery released Battle Rifle 316 | -10/Subcaves | Shifting Twisted Machinery released Sub. Laser 328 | -10/Subcaves | Shifting Twisted Machinery released Sub. Monowheel 361 | -10/Subcaves | Ambushed by Subdwellers from Twisted Machinery 366 | -10/Subcaves | Core integrity fell below 50% 368 | -10/Subcaves | Core integrity fell below 20% 370 | -10/Subcaves | Released all parts (2) 371 | -10/Subcaves | Destroyed by BM-TTO(R) with Subdweller Beam Cannon Last Messages --------------- Rifle. System corrupted: Battle Rifle misfires. Sub. Laser falls loose from the Twisted Machinery. Sub. Monowheel falls loose from the Twisted Machinery. Acquired Sub. Laser. System corrupted: Heat flow error (+143). Mining Laser destroyed. 8I-QLF(R) emerges from concealment. UR-7M9(R) emerges from the Twisted Machinery. Lgt. Ion Engine destroyed. Sub. Laser destroyed. Critical hit (Meltdown: +270). Wheel destroyed. Imp. Terrain Scanner destroyed. Wheel destroyed. Released Battle Rifle. Released Seismic Detector. NK-OZI(R) emerges from concealment. Map ----- +----------------------------------------------------+ | #######???#????#?????????????????????????????????? | | ##?????????????????????????????????????????? | | ##????????????????????????????????????????? | | ### ##????##?????????????????????????????????? | | ##?## #?#??# ?????????????????????????????????? | | ????# #????# ?????????????????????????????????? | | ##### ##??## ?????????????????????????????????? | | # ## ##?# #?????????????????????????????????? | | ##? ##????????????????????????????????? | | ## #? ##??????#????????????????????????? | | ### #?# ##??????????????????????????????? | | #?# ### #????????#?????????????????????? | | #?# ## #???????????????????????????????? | | " ##?# #?????#?????????????????????????? | | " "#??## #???????????#?????#?????????????? | | #?#?# #??###???#??????????????????????? | | ""## #### #??????????????????????????? | | """ R ## #??????????????????????????? | | "" ### #??????????????????????????? | | """ ### #?????????????? ??????????? | | "" ##??????????? ??????????? | | #"" ##???????? ????????????? | | #" [ #?????? #??????????????? | | ## ! ##??? ##?????????????? | | ?## ## #?????????????? | | ??# ### ##### @ #???????????? | | ??#####??#####???## ##???????????????? | | ??????????????????# ### ###????????????????? | | ?????????????#???# ##??# #??????????????????? | | ????????????????# #???? #??????????????????? | | ???????????????# #????? #?????????????????? | | ???????????????### ##?????# #????????????????? | | ?????????????????# ##???????# ##????????????????? | | ?????????????????# ?????????##?????????????????? | | ???????????? ????" ????????#????????????????????? | | ????????????????# "#????????????????????????????? | | ????????????????# ??????????????????????????????? | | ?????????????????????????????????????????????????? | | ?????????????????????????????????????????????????? | | ?????????????????????????????????????????????????? | | ?????????????????????????????????????????????????? | | ?????????????????????????????????????????????????? | | ?????????????????????????????????????????????????? | | ?????????????????????????????????????????????????? | | ?????????????????????????????????????????????????? | | ?????????????????????????????????????????????????? | | ?????????????????????????????????????????????????? | | ?????????????????????????????????????????????????? | | ?????????????????????????????????????????????????? | | ?????????????????????????????????????????????????? | +----------------------------------------------------+ Best States ------------- Heat Dissipation 25 Energy Generation 10 Energy Capacity 250 Matter Stores 300 Matter Capacity 300 Sight Range 16 Terrain Scan Range 16 Terrain Scan Density 10 Evasion (%) 50 Recoil Reduction 2 Item Schematics ----------------- None Robot Schematics ------------------ None Fabricated ------------ Nothing Alien Tech Used ----------------- None Achievements -------------- None Challenges ------------ None Game ------ Seed HypercooledArcPlating Manual? 0 Play Time 00:05:29 Cumulative 14.7 hours Start 2024.07.15 @ 19:34:20 End 2024.07.15 @ 19:38:37 Sessions 1 Manual Loads 0 Difficulty Rogue Special Mode None Game No. 44 Rogue 44 Adventurer 0 Explorer 0 Win Type - Total 0 Types 0/0/0/0/0/0/0/0/0 Lore% 21 Gallery% 20 Achievement% 17 Wizard Run 0 Options --------- Layout 1 ASCII 0 Keyboard 0 Movement Arrows Keybinds 0 Fullscreen 1 Font 28/Dina Map View 50x43 Zoom Use 0% Tactical HUD 0 Map Filters NONE Filters NONE Steam X RUN: 957e5c79-4b30-4cc4-943d-2817eea4b76a